 Dungeon Crawl Stone Soup version 0.22.0-38-g04b72b8c25 (webtiles) character file.

2352 Freyura the Covert (level 9, -9/47 HPs)
             Began as a Spriggan Assassin on Aug 28, 2018.
             Was a Follower of Makhleb.
             Mangled by a wight
             ... wielding a +2 falchion of electrocution
              (17 damage)
             ... on level 7 of the Dungeon on Aug 29, 2018.
             The game lasted 00:42:44 (10340 turns).

Freyura the Covert (Spriggan Assassin)             Turns: 10340, Time: 00:42:44

Health: -9/47      AC: 10    Str:  7    XL:     9   Next: 20%
Magic:  13/13      EV: 24    Int: 13    God:    Makhleb [*.....]
Gold:   352        SH:  0    Dex: 20    Spells: 8/8 levels left

rFire    + . .     SeeInvis +   a - +2 dagger
rCold    . . .     Gourm    .   (shield restricted)
rNeg     . . .     Faith    .   t - +2 robe {Archmagi}
rPois    .         Spirit   .   (helmet restricted)
rElec    .         Reflect  .   d - +2 cloak
rCorr    .         Harm     .   (gloves unavailable)
MR       +....     Rnd*Rage +   (boots unavailable)
Stlth    +++++.....             (no amulet)
HPRegen  0.15/turn              u - ring of protection from fire
MPRegen  0.13/turn              (no ring)

@: hasted, drained, very quick
A: very small, unfitting armour, beak, yellow scales 2, see invisible, berserk
1, herbivore, speed 3, slow metabolism 2, no potion heal 1
a: Renounce Religion


You were on level 7 of the Dungeon.
You worshipped Makhleb.
Makhleb was aware of your devotion.
You were not hungry.

You visited 1 branch of the dungeon, and saw 8 of its levels.

You collected 352 gold pieces.

Inventory:

Hand Weapons
 a - a +2 dagger (weapon)
 b - a +0 blowgun
 B - a +0 rapier
Missiles
 e - 22 poisoned needles
 f - 2 curare-tipped needles
Armour
 d - a +2 cloak (worn)
 t - a +2 robe of the Archmagi (worn)
Jewellery
 q - an uncursed ring of resist corrosion
 u - a ring of protection from fire (left hand)
Wands
 y - a wand of scattershot (4)
 A - a wand of random effects (30)
 D - a wand of enslavement (28)
Scrolls
 c - 3 scrolls of magic mapping
 h - a scroll of amnesia
 i - 3 scrolls of remove curse
 r - 4 scrolls of identify
 s - a scroll of fear
 x - a scroll of blinking
 E - a scroll of teleportation {unknown}
 F - a scroll of random uselessness {unknown}
Potions
 l - 3 potions of resistance
 m - 2 potions of invisibility
 n - 2 potions of curing {unknown}
 o - a potion of cancellation {unknown}
 p - 2 potions of flight {unknown}
 v - 2 potions of haste
 w - 2 potions of ambrosia {unknown}
 z - a potion of berserk rage {unknown}
 C - a potion of degeneration {unknown}
Comestibles
 g - 4 rations


   Skills:
 + Level 5.1(4.5) Fighting
 + Level 6.7(6.1) Short Blades
 - Level 2.0(1.4) Throwing
 + Level 8.2(7.6) Dodging
 + Level 10.6(9.9) Stealth
 + Level 4.0(3.5) Invocations


You had 8 spell levels left.
You didn't know any spells.
Your spell library was empty.

Dungeon Overview and Level Annotations

Branches:
Dungeon (8/15)             Temple (0/1) D:6
   Lair: D:8-11

Altars:
Fedhas
Kikubaaqudgha
Makhleb

Shops:
D:4 }   D:5 :


Innate Abilities, Weirdness & Mutations

You are very small and have problems with some larger weapons.
You are too small for most types of armour.
You have supernaturally acute eyesight. (SInv)
You are a herbivore.
You cover ground extremely quickly.
You need to consume almost no food.
You have a beak for a mouth.
You are mostly covered in yellow scales. (AC +3)
You tend to lose your temper in combat.
Potions are less effective at restoring your health.


Message History

The wight hits you with a falchion of electrocution!
* * * LOW HITPOINT WARNING * * *
You hit the wight but do no damage.
The wight is severely damaged.
You barely miss the wight.
The wight is severely damaged.
You hit the wight but do no damage.
The wight is severely damaged.
The wight closely misses you.
You hit the wight but do no damage.
The wight is severely damaged.
You hit the wight but do no damage. You peck the wight.
The wight is almost destroyed.
The wight closely misses you.
You hit the wight but do no damage.
The wight is almost destroyed.
You hit the wight but do no damage.
The wight is almost destroyed.
The wight hits you but does no damage.
You are electrocuted!
You die...

...##....##.#.###.##....#
...#........#.# #.#####.#
.....###..###.###.#####.# ..####
##.#.......[...#.### .##
#........[<...#...### .######
###...........###...##
......####............# ###..#
#####...#..#...[)z....# ##.# .##
###...##....@[....# #.# ..#
#........[[###### #.#
..#####.....)...## ##.###
.(##......).....###########....#
..##.....##...#................#
..##....##......####...........#
.........#.##.....##...........#
.###[..............#...........#
..##....##.#..###..............#


You could see a wight.

Vanquished Creatures
  Joseph (D:8)
  A yak (D:6)
  Duvessa (D:7)
  A sky beast (D:6)
  An orc warrior (D:7)
  3 ogres
  A phantom (D:5)
  2 centaurs
  A bullfrog (D:6)
  Dowan (D:7)
  3 wights (D:7)
  A howler monkey (D:4)
  2 crimson imps (D:7)
  A bullfrog zombie (D:6)
  2 jellies (D:2)
  2 bullfrog skeletons
  A centaur skeleton (D:4)
  An orc priest (D:4)
  A hound (D:6)
  2 iguanas
  Natasha (twice) (D:3)
  2 worker ants
  4 orc wizards
  2 hound zombies (D:5)
  6 adders
  2 shadow imps
  10 oozes
  2 adder skeletons (D:4)
  A worm (D:2)
  A dart slug (D:1)
  10 leopard geckos
  14 orcs
  3 ball pythons
  11 giant cockroaches
  6 goblins
  6 hobgoblins
  5 jackals
  16 kobolds
  5 quokkas
  8 bats
  5 frilled lizards
  2 quokka skeletons
  5 rats
157 creatures vanquished.

Vanquished Creatures (others)
  A human (D:6)
  A fungus (D:2)
  9 toadstools (D:2)
11 creatures vanquished.

Grand Total: 168 creatures vanquished

Notes
Turn   | Place    | Note
-------+----------+-------------------------------------------
     0 | D:1      | Freyura the Spriggan Assassin began the quest for the Orb.
     0 | D:1      | Reached XP level 1. HP: 10/10 MP: 2/2
   193 | D:1      | Reached skill level 6 in Stealth
   202 | D:1      | Reached XP level 2. HP: 8/15 MP: 3/3
   943 | D:1      | Reached XP level 3. HP: 18/18 MP: 4/4
  2186 | D:2      | Found a blossoming altar of Fedhas.
  2212 | D:2      | Reached XP level 4. HP: 6/23 MP: 5/5
  2942 | D:2      | Reached skill level 7 in Stealth
  2942 | D:2      | Reached XP level 5. HP: 8/27 MP: 6/6
  4026 | D:3      | Noticed Natasha
  4030 | D:3      | Killed Natasha
  4219 | D:3      | Noticed Natasha
  4235 | D:3      | Killed Natasha
  4310 | D:4      | Reached XP level 6. HP: 32/32 MP: 7/7
  4768 | D:4      | Gained mutation: You are agile. (Dex +2) [potion of mutation]
  4768 | D:4      | Lost mutation: You are agile. (Dex +2) [potion of mutation]
  4768 | D:4      | Gained mutation: You have a beak for a mouth. [potion of mutation]
  4797 | D:4      | Reached skill level 8 in Stealth
  4879 | D:4      | Reached skill level 5 in Dodging
  5217 | D:4      | Found Zaxzugg's Gadget Boutique.
  5395 | D:4      | Reached XP level 7. HP: 34/36 MP: 8/8
  5699 | D:4      | Found a burning altar of Makhleb.
  5705 | D:4      | Became a worshipper of Makhleb the Destroyer
  5830 | D:5      | Entered Level 5 of the Dungeon
  6358 | D:5      | Found Wehofeb's Book Boutique.
  6459 | D:5      | Reached skill level 1 in Invocations
  6669 | D:5      | Reached skill level 5 in Short Blades
  7233 | D:6      | Reached skill level 9 in Stealth
  7494 | D:6      | Found a staircase to the Ecumenical Temple.
  7571 | D:6      | Reached XP level 8. HP: 30/42 MP: 10/10
  7876 | D:6      | Found an ancient bone altar of Kikubaaqudgha.
  8168 | D:6      | Reached * piety under Makhleb
  8728 | D:7      | Noticed Duvessa
  8728 | D:7      | Noticed Dowan
  8754 | D:7      | Killed Dowan
  8825 | D:7      | Killed Duvessa
  9080 | D:7      | Reached skill level 10 in Stealth
  9120 | D:7      | Gained mutation: Potions are less effective at restoring your health. [potion of mutation]
  9120 | D:7      | Gained mutation: Your flesh is heat resistant. (rF+) [potion of mutation]
  9121 | D:7      | Lost mutation: Your flesh is heat resistant. (rF+) [potion of mutation]
  9121 | D:7      | Gained mutation: You tend to lose your temper in combat. [potion of mutation]
  9121 | D:7      | Gained mutation: You are partially covered in yellow scales. (AC +2) [potion of mutation]
  9121 | D:7      | Gained mutation: You are mostly covered in yellow scales. (AC +3) [potion of mutation]
 10079 | D:7      | Reached XP level 9. HP: 46/46 MP: 12/12
 10125 | D:8      | Noticed Joseph
 10137 | D:8      | Killed Joseph
 10137 | D:8      | Reached skill level 5 in Fighting
 10340 | D:7      | Mangled by a wight

Skill      XL: |  1  2  3  4  5  6  7  8  9 |
---------------+----------------------------+-----
Dodging        | 2 3 4 5 6 7 8 |  8.2
Stealth        | 6 7 8 9 10 | 10.6
Fighting       | 2 3 4 5 |  5.1
Short Blades   | 3 4 5 6 |  6.7
Invocations    | 1 3 4 |  4.0
Throwing       | |  2.0

Action                   |  1- 3 |  4- 6 |  7- 9 || total
-------------------------+-------+-------+-------++-------
Melee: Dagger            |   181 |   258 |   689 ||  1128
       Peck              |       |     9 |   134 ||   143
 Fire: Blowgun           |       |       |    12 ||    12
  Use: Scroll            |     3 |     6 |     6 ||    15
       Potion            |       |     1 |     8 ||     9
 Stab: Sleeping          |    10 |    14 |    11 ||    35
  Eat: Ration            |       |     2 |     3 ||     5
Armor: Robe              |    16 |    31 |    59 ||   106
Dodge: Dodged            |   118 |   167 |   450 ||   735
